Map: 滨海卫城-天梯版

Players

PtitDrogo - Winner!

  • Race: Protoss Protoss
  • Spawn Location: 5:00

Sakura

  • Race: Protoss Protoss
  • Spawn Location: 11:00

Event: 2019 WCS Summer

VOD

Have the link to the VOD?

Description

Time

  • Played on: July 12, 2019, 9:11 a.m.
  • Length: 8:47

All games in this series

Show
View Real Time Build Order
Export as new Build Order

PtitDrogo Protoss - Winner!

Build Orders: Phoenix Opening 

Get SALT Encoding   

  12  0:00  Probe  
  13  0:13  Probe  
  14  0:17  Pylon  
  14  0:25  Probe  
  15  0:33  Probe  
  15  0:36  Gateway  
  15  0:41  Probe  
  16  0:47  Assimilator  
  17  0:51  Probe  
  17  0:55  Assimilator  
  18  1:00  Probe  
  19  1:08  Probe, Gateway  
  19  1:17  Probe  
  20  1:23  Cybernetics Core  
  21  1:29  Probe  
  22  1:33  Pylon  
  22  1:42  Probe  
  23  1:55  Probe  
  23  2:00  Stalker  
  23  2:01  Sentry  
  28  2:03  Warp Gate  
  28  2:09  Probe, Pylon  
  29  2:16  Pylon  
  29  2:21  Probe  
  30  2:30  Stalker x2  
  30  2:34  Phoenix  
  34  2:51  Nexus  
  34  3:01  Sentry  
  34  3:02  Sentry  
  38  3:06  Pylon  
  38  3:11  Probe  
  39  3:24  Robotics Facility  
  39  3:29  Shield Battery  
  39  3:31  Shield Battery  
  39  3:34  Shield Battery  
  40  3:42  Shield Battery  
  40  3:51  Stalker  
  40  3:53  Stalker  
  43  3:57  Probe  
  43  4:01  Phoenix  
  44  4:03  Immortal  
  44  4:14  Probe  
  44  4:16  Probe  
  50  4:23  Sentry  
  52  4:33  Stalker  
  54  4:39  Shield Battery  
  52  4:46  Adept  
  50  4:58  Immortal  
  50  4:59  Stalker  
  38  5:09  Stalker  
  38  5:13  Gateway x2  
  42  5:22  Stalker  
  40  5:31  Pylon  
  40  5:34  Stalker  
  38  5:45  Stalker  
  38  5:46  Probe  
  41  5:56  Probe  
  38  5:58  Stalker  
  31  6:07  Adept x2  
  31  6:10  Probe  
  36  6:16  Probe  
  37  6:24  Adept  
  37  6:25  Probe  
  40  6:27  Probe  
  41  6:33  Probe  
  41  6:34  Adept  
  41  6:35  Probe  
  45  6:41  Probe  
  45  6:42  Sentry  
  48  6:48  Stalker, Probe  
  51  6:56  Adept  
  51  7:00  Stalker  
  51  7:05  Adept  
  46  7:09  Probe  
  46  7:13  Adept  
  46  7:14  Probe  
  46  7:21  Probe  
  47  7:26  Adept  
  47  7:27  Probe  
  50  7:33  Probe  
  51  7:39  Stalker, Probe  
  51  7:41  Stalker  
  51  7:44  Warp Prism  
  56  7:48  Pylon  
  58  7:58  Probe  
  58  7:59  Probe  
  58  8:03  Adept  
  62  8:07  Stalker  
  64  8:15  Pylon  
  64  8:20  Stalker  
  64  8:31  Shield Battery  
  64  8:34  Adept x3  
  60  8:45  Stalker  
Show
View Real Time Build Order
Export as new Build Order

Sakura Protoss 

Build Orders: Mass Adepts 

Get SALT Encoding   

  12  0:01  Probe  
  13  0:13  Probe  
  14  0:18  Pylon  
  14  0:23  Probe  
  15  0:32  Probe  
  15  0:39  Gateway  
  15  0:40  Probe  
  16  0:46  Assimilator  
  17  0:52  Probe  
  17  0:55  Assimilator  
  18  1:00  Probe  
  19  1:07  Gateway  
  19  1:08  Probe  
  19  1:18  Probe  
  21  1:26  Cybernetics Core  
  21  1:30  Probe  
  22  1:35  Pylon  
  22  1:42  Probe  
  23  1:54  Probe  
  24  2:03  Adept x2, Warp Gate  
  24  2:08  Pylon  
  28  2:11  Pylon  
  28  2:33  Adept x2, Twilight Council  
  31  2:44  Gateway  
  31  2:49  Resonating Glaives  
  31  2:50  Probe  
  32  2:58  Gateway  
  34  3:08  Adept  
  34  3:16  Adept  
  34  3:51  Adept x2  
  34  3:54  Adept x2  
  42  4:09  Pylon  
  42  4:12  Adept x2  
  46  4:20  Pylon  
  46  4:27  Adept  
  46  4:28  Adept  
  50  4:32  Adept x2  
  51  4:50  Adept x2  
  47  5:02  Adept x2  
  49  5:11  Adept x2  
  45  5:23  Adept x2  
  45  5:31  Adept x2  
  43  5:45  Adept x2  
  41  6:03  Adept x2  
  37  6:11  Adept x2  
  33  6:27  Adept x2  
  33  6:31  Adept  
  37  6:33  Adept  
  39  6:42  Adept  
  41  6:48  Adept  
  41  6:52  Adept  
  35  7:15  Adept x4  
  33  7:36  Adept x3  
  39  7:42  Adept  
  41  7:57  Adept x2  
  45  8:01  Adept  
  47  8:09  Adept  
  49  8:18  Adept  
Tags
 
Add a new tag
Caveats
  • Supply blocks, unpowered buildings, or Contaminate may cause inaccurate times.
  • Supply counts are checked every 10 seconds.